 Dungeon Crawl Stone Soup version 0.31-a0-229-g1fc7ce93e2 (webtiles) character file.

Game seed: 2027687532546619065

1956 qw the Skirmisher (level 9, -1/56 HPs)
             Began as a Gargoyle Hexslinger on July 6, 2023.
             Was an Initiate of Okawaru.
             Killed by nerve-wracking pain
             ... invoked by an orc priest
              (4 damage)
             ... on level 7 of the Dungeon.
             The game lasted 00:02:16 (5347 turns).

qw the Skirmisher (Gargoyle Hexslinger)             Turns: 5347, Time: 00:02:16

Health: -1/56      AC: 17    Str: 14    XL:     9   Next: 19%
Magic:  8/10       EV: 16    Int: 14    God:    Okawaru [......]
Gold:   277        SH:  0    Dex: 19    Spells: 9/10 levels left

rFire   . . .        Y - +0 arbalest (freeze)
rCold   . . .        (shield currently unavailable)
rNeg    + . .        s - +2 leather armour "Iruwu" {rCorr Str+2 Dex+3}
rPois   inf          m - +1 helmet
rElec   +            e - +0 cloak
rCorr   +            (no gloves)
SInv    +            g - +0 pair of boots
Will    +....        (no amulet)
Stlth   +++          l - ring of see invisible
HPRegen 0.29/turn    p - ring of willpower
MPRegen 0.12/turn

%: no passive effects
@: about to teleport, heroic
A: sickness immunity, AC +6, negative energy resistance 1, electricity
resistance, torment resistance 1, petrification resistance
a: Renounce Religion


You were on level 7 of the Dungeon.
You worshipped Okawaru.
Okawaru was noncommittal.
You visited 2 branches of the dungeon, and saw 8 of its levels.

You collected 322 gold pieces.
You spent 45 gold pieces at shops.


Innate Abilities, Weirdness & Mutations

You are immune to sickness and miasma.
Your stone body is resilient. (AC +6)
You are immune to poison.
You resist negative energy. (rN+)
You are resistant to electric shocks. (rElec)
You are resistant to unholy torment.
You are immune to petrification.


   Skills:
 - Level 6.4(11.4) Fighting
 + Level 9.5(14.5) Ranged Weapons
 - Level 2.1(7.1) Armour
 - Level 3.0(8.0) Dodging
 - Level 1.0 Spellcasting
 - Level 2.6 Hexes


You had 9 spell levels left.
You knew the following spells:

 Your Spells              Type           Power      Damage    Failure   Level
a - Slow                  Hex            32%        N/A       11%         1

Your spell library contained the following spells:

 Spells                   Type           Power      Damage    Failure   Level
 Inner Flame              Hex/Fire       4%         N/A       47%         3
 Portal Projectile        Hex/Tloc       8%         N/A       47%         3
 Cause Fear               Hex            4%         N/A       71%         4

Inventory:

Hand Weapons
 Y - a +0 arbalest of freezing (weapon)
Armour
 e - a +0 cloak (worn)
 g - a +0 pair of boots (worn)
 m - a +1 helmet (worn)
 s - the +2 leather armour "Iruwu" (worn) {rCorr Str+2 Dex+3}
   (You found it on level 4 of the Dungeon)

   Str:       It affects your strength (+2).
   Dex:       It affects your dexterity (+3).
   rCorr:     It protects you from acid and corrosion.
Jewellery
 b - a ring of willpower
 l - a ring of see invisible (left hand)
 p - a ring of willpower (right hand)
Wands
 h - a wand of digging (7)
Scrolls
 c - a scroll of identify
Potions
 a - a potion of curing {unknown}
 d - a potion of cancellation
 f - a potion of enlightenment
 i - a potion of might
 j - a potion of magic {unknown}
 n - a potion of attraction {unknown}
 q - a potion of heal wounds {unknown}
 r - a potion of mutation {unknown}

Dungeon Overview and Level Annotations

Branches:
Dungeon (7/15)             Temple (1/1) D:6

Altars:
Cheibriados
Dithmenos
Elyvilon
Fedhas
Gozag
Hepliaklqana
Kikubaaqudgha
Makhleb
Nemelex Xobeh
Okawaru
Qazlal
Ru
Sif Muna
Trog
Vehumet
Wu Jian
Xom
Yredelemnul
The Shining One

Shops:
D:3 (

Annotations:
D:3 1 runed translucent door, Crazy Yiuf


Message History

An orc is nearby!
You shoot a bolt. The bolt completely misses the orc.
The orc barely misses you.
You shoot a bolt. The bolt hits the orc.
The bolt freezes the orc.
The orc is heavily wounded.
The orc closely misses you.
You shoot a bolt. The bolt barely misses the orc.
The bolt closely misses the orc.
The orc closely misses you. The orc hits you with a +0 whip.
You shoot a bolt. The bolt hits the orc!
The bolt freezes the orc.
You kill the orc!
Okawaru accepts your kill.
You shoot a bolt. The bolt barely misses the orc.
The orc misses you. The orc barely misses you.
You shoot a bolt. The bolt hits the orc!!
The bolt freezes the orc.
You kill the orc!
Okawaru accepts your kill.
You can now gain great but temporary skills.
The orc priest calls upon Beogh to heal something.
5343 ||| INVOKING Heroism.
You gain the combat prowess of a mighty hero.
You can no longer gain great but temporary skills.
You shoot a bolt. The bolt barely misses the orc priest.
The orc priest hits you with a +0 war axe.
You shoot a bolt.
The bolt hits the orc priest but does no damage.
The orc priest is severely wounded.
The orc priest closely misses you.
You shoot a bolt. The bolt barely misses the orc priest.
The orc priest mumbles some strange prayers to Beogh against you.
Beogh smites you! The orc warrior closely misses you.
The orc priest closely misses you.
The orc warrior hits you from afar with a +0 trident.
5347 ||| READING scroll of teleportation.
As you read the scroll of teleportation, it crumbles to dust.
You feel strangely unstable.
The orc warrior hits you from afar with a +0 trident.
The orc priest mumbles some strange prayers to Beogh against you.
Pain shoots through your body!
You die...

.# .#[ ....
#.).#.#
#####~o~..##
....~.~o..
#.%.~.~o#
#.##~~~.#
#@##...#
#o##...#
#.o.<..#
########


You could see an orc warrior and an orc priest.

Vanquished Creatures
  Sigmund (D:2)
  2 water moccasins
  2 ice beasts (D:5)
  2 black bears
  A sky beast (D:7)
  3 centaurs
  An ogre (D:6)
  A phantom (D:5)
  A scorpion (D:6)
  A howler monkey (D:5)
  4 orc priests
  6 iguanas
  A sleepcap (D:4)
  3 orc wizards (D:6)
  Robin (D:3)
  5 adders
  10 gnolls
  A shadow imp (D:5)
  An ufetubus (D:5)
  4 worms
  2 dart slugs
  20 orcs
  4 ball pythons
  3 endoplasms
  A giant cockroach (D:2)
  9 goblins
  9 hobgoblins
  6 jackals
  4 kobolds
  3 bats
  2 frilled lizards
  4 rats
118 creatures vanquished.

Notes
Turn   | Place    | Note
-------+----------+-------------------------------------------
     0 | D:1      | qw the Gargoyle Hexslinger began the quest for the Orb.
     0 | D:1      | Reached XP level 1. HP: 12/12 MP: 2/2
     0 | D:1      | 0 ||| qw: Version: 0.3-a-46-gb1f654a
     0 | D:1      | 0 ||| qw: Game counter: 1612
     0 | D:1      | 0 ||| qw: Melee chars always use a shield: true
     0 | D:1      | 0 ||| qw: God list: Okawaru
     0 | D:1      | 0 ||| qw: Allow faded altars: false
     0 | D:1      | 0 ||| qw: Do Orc after clearing Dungeon:15 true
     0 | D:1      | 0 ||| qw: Do second Lair branch before Depths: true
     0 | D:1      | 0 ||| qw: Lair rune preference: random
     0 | D:1      | 0 ||| qw: Goals: Normal
     0 | D:1      | 0 ||| PLANNING D:1-11
   277 | D:1      | Reached XP level 2. HP: 16/16 MP: 3/3
   739 | D:1      | 739 ||| UPGRADING to +0 leather armour.
   749 | D:1      | 749 ||| DROPPING +0 robe.
   750 | D:1      | 750 ||| UPGRADING to +0 pair of boots.
   755 | D:1      | 755 ||| UPGRADING to +0 ring mail.
   765 | D:1      | 765 ||| DROPPING +0 leather armour.
   766 | D:1      | 766 ||| READING 2 scrolls labelled UPLAST KYCZEEG.
   771 | D:1      | 771 ||| READING scroll labelled FADUOB VAEMATZO.
   772 | D:1      | 772 ||| DROPPING scroll of poison.
   807 | D:2      | Reached skill level 3 in Ranged Weapons
   811 | D:2      | HP: 2/16 [gnoll/+0 halberd (4)]
   812 | D:2      | 812 ||| READING scroll of teleportation.
   923 | D:2      | Reached XP level 3. HP: 18/21 MP: 4/4
  1027 | D:2      | Reached skill level 1 in Armour
  1434 | D:2      | 1434 ||| FLEEEEING.
  1437 | D:2      | Reached XP level 4. HP: 22/26 MP: 5/5
  1466 | D:2      | Found a faded altar of an unknown god.
  1512 | D:2      | Noticed Sigmund
  1523 | D:2      | 1523 ||| FLEEEEING.
  1526 | D:2      | 1526 ||| FLEEEEING.
  1527 | D:2      | 1527 ||| FLEEEEING.
  1532 | D:2      | 1532 ||| FLEEEEING.
  1533 | D:2      | 1533 ||| STAIRDANCE
  1559 | D:1      | 1559 ||| READING scroll labelled RYHOIFF QARE.
  1560 | D:1      | 1560 ||| READING scroll labelled DIJOISOBIASM.
  1561 | D:1      | 1561 ||| READING scroll labelled ECITER YPAON.
  1562 | D:1      | 1562 ||| DRINKING 2 fizzy yellow potions.
  1568 | D:2      | 1568 ||| STAIRDANCE
  1575 | D:2      | 1575 ||| STAIRDANCE
  1600 | D:2      | Killed Sigmund
  1601 | D:2      | Reached skill level 5 in Ranged Weapons
  1601 | D:2      | Reached XP level 5. HP: 24/30 MP: 6/6
  1601 | D:2      | Reached XP level 6. HP: 28/35 MP: 7/7
  1963 | D:2      | 1963 ||| UPGRADING to +2 robe of willpower.
  1973 | D:2      | 1973 ||| DROPPING +0 ring mail.
  2120 | D:3      | Found a runed translucent door.
  2121 | D:3      | Noticed Crazy Yiuf
  2283 | D:3      | Found Citrerei's Weapon Emporium.
  2295 | D:3      | Noticed Robin
  2314 | D:3      | Killed Robin
  2390 | D:3      | 2390 ||| BUYING +0 arbalest (45 gold).
  2390 | D:3      | Bought a +0 arbalest for 45 gold pieces
  2390 | D:3      | 2390 ||| SHOPLISTING +2 antimagic orcbow (225 gold, have
                  | 136).
  2390 | D:3      | 2390 ||| SWAPPING to +0 arbalest.
  2391 | D:3      | 2391 ||| DROPPING +1 sling.
  2534 | D:3      | 2534 ||| UPGRADING to +0 cloak.
  2539 | D:3      | 2539 ||| UPGRADING to +0 helmet.
  2544 | D:3      | 2544 ||| UPGRADING to ring of see invisible.
  2758 | D:4      | Reached skill level 3 in Fighting
  2870 | D:4      | Identified the +2 leather armour "Iruwu" {rCorr Str+2
                  | Dex+3}
  2916 | D:4      | Reached skill level 6 in Ranged Weapons
  2936 | D:4      | 2936 ||| FLEEEEING.
  2947 | D:4      | Reached XP level 7. HP: 41/41 MP: 8/8
  3018 | D:4      | Found a shimmering blue altar of Sif Muna.
  3129 | D:4      | 3129 ||| UPGRADING to +2 leather armour "Iruwu" {rCorr
                  | Str+2 Dex+3}.
  3139 | D:4      | 3139 ||| DROPPING +2 robe of willpower.
  3140 | D:4      | 3140 ||| UPGRADING to ring of willpower.
  3141 | D:4      | 3141 ||| READING scroll labelled DUEBROY ELEAPNE.
  3142 | D:4      | 3142 ||| READING scroll labelled IHECACO ITEOSH.
  3143 | D:4      | 3143 ||| DRINKING 2 sedimented puce potions.
  3144 | D:4      | 3144 ||| READING 4 scrolls of identify.
  3144 | D:4      | 3144 ||| IDENTIFYING ruby potion
  3145 | D:4      | 3145 ||| READING 3 scrolls of identify.
  3145 | D:4      | 3145 ||| IDENTIFYING murky ruby potion
  3146 | D:4      | 3146 ||| READING 2 scrolls of identify.
  3146 | D:4      | 3146 ||| IDENTIFYING lumpy purple potion
  3147 | D:4      | 3147 ||| DROPPING potion of brilliance.
  3148 | D:4      | 3148 ||| DROPPING potion of lignification.
  3164 | D:5      | Entered Level 5 of the Dungeon
  3213 | D:5      | Found a radiant altar of Vehumet.
  3284 | D:5      | 3284 ||| READING scroll of enchant armour.
  3284 | D:5      | 3284 ||| ENCHANTING +0 helmet.
  3367 | D:5      | Reached skill level 7 in Ranged Weapons
  3448 | D:5      | HP: 10/43 [adder (1)]
  3449 | D:5      | 3449 ||| READING 2 scrolls of teleportation.
  3450 | D:5      | HP: 4/43 [iguana (6)]
  3450 | D:5      | HP: 1/43 [adder (3)]
  3521 | D:5      | 3521 ||| FLEEEEING.
  3522 | D:5      | 3522 ||| FLEEEEING.
  3685 | D:5      | Reached XP level 8. HP: 48/48 MP: 9/9
  3865 | D:5      | Reached skill level 8 in Ranged Weapons
  3867 | D:5      | 3867 ||| FLEEEEING.
  3868 | D:5      | 3868 ||| FLEEEEING.
  3872 | D:5      | 3872 ||| FLEEEEING.
  3873 | D:5      | 3873 ||| FLEEEEING.
  3874 | D:5      | 3874 ||| FLEEEEING.
  3881 | D:5      | 3881 ||| FLEEEEING.
  3882 | D:5      | 3882 ||| FLEEEEING.
  3888 | D:5      | 3888 ||| FLEEEEING.
  3889 | D:5      | 3889 ||| FLEEEEING.
  3890 | D:5      | 3890 ||| FLEEEEING.
  3891 | D:5      | 3891 ||| FLEEEEING.
  3892 | D:5      | 3892 ||| FLEEEEING.
  3893 | D:5      | 3893 ||| STAIRDANCE
  3979 | D:4      | 3979 ||| DROPPING ring of wizardry.
  3984 | D:5      | 3984 ||| STAIRDANCE
  4295 | D:5      | Found a sparkling altar of Nemelex Xobeh.
  4298 | D:5      | Found a shimmering altar of Xom.
  4298 | D:5      | Found a glowing golden altar of the Shining One.
  4314 | D:5      | Found a bloodstained altar of Trog.
  4494 | D:6      | Reached skill level 9 in Ranged Weapons
  4727 | D:6      | Found a staircase to the Ecumenical Temple.
  4728 | D:6      | 4728 ||| PLANNING TEMPLE
  4728 | D:6      | 4728 ||| READING scroll labelled ROWNOW DUIMNIA.
  4729 | D:6      | 4729 ||| READING scroll labelled CALESU NUIRGHIGIH.
  4738 | Temple   | Entered the Ecumenical Temple
  4792 | Temple   | 4792 ||| PLANNING OKAWARU WORSHIP
  4799 | Temple   | Became a worshipper of Warmaster Okawaru
  4800 | Temple   | 4800 ||| PLANNING D:1-11
  4899 | D:6      | 4899 ||| Stepping ~*~*~tactically~*~*~ (outnumbered).
  4906 | D:6      | Reached skill level 6 in Fighting
  4906 | D:6      | Reached XP level 9. HP: 56/56 MP: 10/10
  4911 | D:6      | Reached skill level 3 in Dodging
  5332 | D:7      | 5332 ||| Stepping ~*~*~tactically~*~*~ (outnumbered).
  5342 | D:7      | Reached * piety under Okawaru
  5343 | D:7      | 5343 ||| INVOKING Heroism.
  5346 | D:7      | HP: 9/56 [orc priest/divine providence (11)]
  5347 | D:7      | 5347 ||| READING scroll of teleportation.
  5347 | D:7      | HP: 3/56 [orc warrior/+0 trident (6)]
  5347 | D:7      | Killed from afar by an orc priest

Levels and vault maps discovered:
D:1:      eino_arrival_tree_alley, layout_basic, nrook_campfire
D:2:      layout_loops_corners, basic_ecumenical_altar, minmay_hedge_maze,
          uniq_sigmund
D:3:      layout_basic, serial_shops, nicolae_shop_gibbet_a_chance,
          minmay_stone_trees_small, minivault_24, minmay_misc_feat_plants,
          hangedman_abyss_or_decor_stabs, uniq_robin, uniq_crazy_yiuf_cottage
D:4:      layout_loops_ring, nicolae_sif_muna_little_library
D:5:      layout_basic, nicolae_overflow_hallway_of_the_gods,
          minmay_quadrilaterals
D:6:      layout_cave_pools, minmay_temple_entry_purple_smoke,
          serial_co_window_serial, co_window_corner_a, co_window_corner_a,
          co_window_paths_b, co_window_corner_a, co_window_of_opportunity_a,
          co_window_unsneaky_path_a, co_window_of_opportunity_b,
          co_window_broadway_a, co_window_broadway_b, co_window_corner_b,
          glass_columns_c, glass_columns_b, glass_columns_a, glass_columns_c,
          grunt_decor_mini_mirrors, grunt_ministairs_2
D:7:      layout_basic, serial_rivers, chequers_serial_rivers_micro_d,
          chequers_serial_rivers_large_a, chequers_serial_rivers_small_3,
          chequers_serial_rivers_small_3, chequers_serial_rivers_micro_b,
          serial_park_tiny_1
Temple:   nicolae_temple_god_jail

Skill      XL: |  1  2  3  4  5  6  7  8  9 |
---------------+----------------------------+-----
Ranged Weapons | 3 5 6 7 9 |  9.5
Fighting       | 2 3 4 6 |  6.4
Armour         | 1 2 |  2.1
Dodging        | 2 3 |  3.0
Spellcasting   | |  1.0
Hexes          | |  2.6

Action                     |  1- 3 |  4- 6 |  7- 9 || total
---------------------------+-------+-------+-------++-------
   Fire: Sling             |    82 |   131 |       ||   213
         Arbalest          |       |    39 |   182 ||   221
 Invoke: Heroism           |       |       |     1 ||     1
    Use: Scroll            |     3 |     3 |    10 ||    16
         Potion            |       |     1 |     1 ||     2
 Armour: Ring mail         |     8 |    10 |       ||    18
         Robe              |       |    40 |       ||    40
         Leather armour    |       |       |    96 ||    96
  Dodge: Dodged            |    19 |    97 |   120 ||   236

Table legend:
 A = Non-vault XP
 B = Vault XP
 C = Vault XP percentage of total XP
 D = Non-vault monster count
 E = Vault monster count
 F = Vault count percentage of total count
                 A         B        C        D         E       F
            +---------+---------+-------+---------+---------+-------
      Total |    2175 |     620 |  22.2 |     101 |      17 |  14.4
            +---------+---------+-------+---------+---------+-------
        D:1 |      18 |       0 |   0.0 |      10 |       0 |   0.0
        D:2 |     117 |     223 |  65.6 |      22 |       1 |   4.3
        D:3 |      19 |      32 |  62.7 |      10 |      10 |  50.0
        D:4 |     350 |       0 |   0.0 |      13 |       0 |   0.0
        D:5 |     845 |     188 |  18.2 |      21 |       4 |  16.0
        D:6 |     651 |     177 |  21.4 |      21 |       2 |   8.7
        D:7 |     175 |       0 |   0.0 |       4 |       0 |   0.0
            +---------+---------+-------+---------+---------+-------
